General information
- name: BNet
- type: Ladder team game (AT/RT)
- host: Battle.net
- saver: MyLiegeCyrus
map: SilverpineForest
- players: 6
- length: 86:15
- speed: Fast
- version: 1.26 W3XP
- replay type:

» download(562 KB)
Players
team 1 (winner)
baby_in_pram (
orange | 91 APM | 7833 actions | 86:14)
9 Blademaster
3 Wind Walk
3 Critical Strike
1 Bladestorm
2 Mirror Image
» actions
| Assign group hotkey | 113 | |
| Basic commands | 106 | |
| Build / train | 70 | |
| ESC pressed | 2 | |
| Enter build submenu | 41 | |
| Enter hero's abilities submenu | 11 | |
| Give item / drop item | 10 | |
| Right click | 4998 | |
| Select / deselect | 652 | |
| Select group hotkey | 1316 | |
| Use ability | 514 | |
7833 total
» units
» upgrades
| Ranged Weapons | 3 | |
| Liquid Fire | 1 | |
| Reinforced Defenses | 1 | |
5 total
» buildings
| Altar of Storms | 2 | |
| Orc Burrow | 5 | |
| War Mill | 1 | |
| Watch Tower | 30 | |
| Stronghold | 3 | |
| Voodoo Lounge | 3 | |
| Fortress | 2 | |
| Beastiary | 2 | |
48 total
» build order
00:07 Altar of Storms
00:09 Orc Burrow
00:51 War Mill
01:21 Orc Burrow
02:02 Watch Tower
02:25 Watch Tower
03:07 Watch Tower
03:25 Stronghold
03:26 Stronghold
03:31 Watch Tower
04:02 Voodoo Lounge
04:08 Voodoo Lounge
04:11 Voodoo Lounge
04:18 Watch Tower
04:58 Watch Tower
05:22 Watch Tower
05:23 Watch Tower
05:31 Orc Burrow
06:10 Fortress
06:16 Beastiary
06:17 Beastiary
07:13 Orc Burrow
07:50 Watch Tower
07:51 Watch Tower
13:41 Watch Tower
13:42 Watch Tower
13:42 Watch Tower
13:43 Watch Tower
13:44 Watch Tower
13:45 Watch Tower
13:45 Watch Tower
13:46 Watch Tower
13:46 Watch Tower
13:47 Watch Tower
16:13 Watch Tower
16:15 Watch Tower
16:16 Watch Tower
16:17 Watch Tower
16:19 Watch Tower
16:20 Watch Tower
16:21 Watch Tower
16:23 Watch Tower
22:45 Watch Tower
22:46 Watch Tower
25:59 Altar of Storms
26:00 Orc Burrow
» items
| Healing Salve | 2 | |
| Lesser Clarity Potion | 4 | |
| Boots of Speed | 1 | |
| Orb of Lightning | 1 | |
| Staff of Teleportation | 1 | |
| Claws of Attack +9 | 1 | |
| Potion of Healing | 3 | |
| Claws of Attack +12 | 2 | |
15 total
MyLiegeCyrus (
teal | 100 APM | 8594 actions | 86:15)
7 Mountain King
3 Storm Bolt
3 Bash
1 Avatar
5 Paladin
3 Holy Light
2 Divine Shield
4 Blood Mage
2 Banish
2 Siphon Mana
» actions
| Assign group hotkey | 417 | |
| Basic commands | 294 | |
| Build / train | 173 | |
| Enter build submenu | 138 | |
| Enter hero's abilities submenu | 16 | |
| Give item / drop item | 12 | |
| Right click | 3820 | |
| Select / deselect | 844 | |
| Select group hotkey | 2434 | |
| Use ability | 446 | |
8594 total
» units
| Peasant | 26 | |
| Dragonhawk Rider | 31 | |
| Sorceress | 2 | |
| Priest | 2 | |
61 total
» upgrades
| Masonry | 3 | |
| Lumber Harvesting | 2 | |
| Magic Sentry | 1 | |
| Animal War Training | 1 | |
| Swords | 3 | |
| Armor | 3 | |
| Sorceress Training | 2 | |
| Priest Training | 2 | |
| Cloud | 1 | |
18 total
» buildings
| Altar of Kings | 2 | |
| Farm | 28 | |
| Lumber Mill | 2 | |
| Scout Tower | 97 | |
| Arcane Vault | 3 | |
| Arcane Tower | 11 | |
| Guard Tower | 44 | |
| Keep | 1 | |
| Castle | 1 | |
| Town Hall | 1 | |
| Arcane Sanctum | 1 | |
| Gryphon Aviary | 1 | |
| Barracks | 1 | |
| Blacksmith | 1 | |
194 total
» build order
00:04 Altar of Kings
00:19 Farm
00:44 Farm
00:58 Lumber Mill
01:12 Scout Tower
01:26 Scout Tower
01:33 Farm
01:39 Scout Tower
01:43 Scout Tower
01:57 Arcane Vault
02:18 Arcane Tower
02:36 Arcane Tower
02:38 Scout Tower
02:40 Scout Tower
03:08 Guard Tower
03:09 Scout Tower
03:15 Scout Tower
03:33 Scout Tower
03:51 Keep
03:51 Guard Tower
04:04 Guard Tower
04:06 Scout Tower
04:11 Scout Tower
04:11 Scout Tower
04:20 Guard Tower
05:05 Guard Tower
05:07 Scout Tower
05:38 Guard Tower
05:41 Scout Tower
06:23 Castle
06:27 Guard Tower
06:47 Town Hall
07:17 Scout Tower
07:17 Scout Tower
07:45 Arcane Tower
07:49 Scout Tower
07:49 Scout Tower
07:50 Scout Tower
08:38 Arcane Tower
08:39 Guard Tower
09:10 Guard Tower
09:32 Guard Tower
10:31 Scout Tower
10:32 Scout Tower
10:34 Scout Tower
10:35 Scout Tower
10:36 Scout Tower
10:44 Scout Tower
11:01 Arcane Tower
11:16 Scout Tower
11:18 Scout Tower
11:19 Guard Tower
11:22 Scout Tower
11:23 Scout Tower
12:28 Guard Tower
12:30 Scout Tower
12:31 Scout Tower
12:32 Scout Tower
12:43 Scout Tower
12:43 Scout Tower
12:45 Arcane Vault
12:47 Scout Tower
12:48 Scout Tower
12:50 Arcane Vault
12:55 Arcane Sanctum
13:52 Guard Tower
13:55 Scout Tower
14:01 Guard Tower
14:04 Scout Tower
14:05 Scout Tower
14:09 Guard Tower
14:22 Scout Tower
14:22 Scout Tower
14:23 Guard Tower
14:32 Scout Tower
14:33 Scout Tower
14:35 Scout Tower
14:36 Scout Tower
14:49 Guard Tower
14:50 Arcane Tower
15:00 Scout Tower
15:01 Scout Tower
15:02 Scout Tower
15:03 Scout Tower
15:03 Scout Tower
15:04 Scout Tower
15:05 Arcane Tower
15:56 Guard Tower
16:13 Scout Tower
16:15 Scout Tower
16:19 Scout Tower
16:50 Guard Tower
16:54 Guard Tower
16:55 Scout Tower
17:53 Guard Tower
18:08 Scout Tower
18:08 Scout Tower
18:45 Arcane Tower
18:52 Scout Tower
18:52 Scout Tower
20:32 Guard Tower
20:34 Scout Tower
20:35 Scout Tower
21:41 Guard Tower
25:56 Scout Tower
25:57 Scout Tower
26:09 Gryphon Aviary
26:11 Barracks
26:11 Blacksmith
26:19 Farm
26:20 Farm
28:44 Guard Tower
34:24 Scout Tower
34:24 Scout Tower
34:25 Scout Tower
34:25 Scout Tower
34:26 Scout Tower
34:41 Scout Tower
34:42 Scout Tower
34:43 Scout Tower
34:44 Scout Tower
34:44 Scout Tower
34:45 Scout Tower
35:52 Guard Tower
36:50 Guard Tower
38:48 Guard Tower
44:23 Farm
45:08 Farm
45:51 Farm
50:50 Farm
50:51 Farm
50:52 Farm
51:04 Scout Tower
51:07 Scout Tower
51:10 Scout Tower
51:11 Scout Tower
51:35 Guard Tower
52:01 Guard Tower
52:42 Scout Tower
52:44 Scout Tower
52:46 Scout Tower
54:06 Arcane Tower
54:06 Guard Tower
54:06 Guard Tower
54:08 Scout Tower
54:10 Scout Tower
54:11 Scout Tower
54:41 Guard Tower
54:43 Scout Tower
55:25 Guard Tower
55:27 Guard Tower
55:27 Guard Tower
57:07 Scout Tower
57:38 Arcane Tower
58:56 Scout Tower
58:59 Scout Tower
59:01 Lumber Mill
59:08 Scout Tower
59:17 Scout Tower
60:09 Guard Tower
60:10 Guard Tower
60:37 Scout Tower
60:39 Scout Tower
60:46 Guard Tower
61:19 Guard Tower
61:38 Scout Tower
61:39 Scout Tower
62:10 Guard Tower
62:12 Guard Tower
62:41 Guard Tower
62:59 Scout Tower
63:29 Guard Tower
68:49 Altar of Kings
69:26 Farm
69:27 Farm
69:33 Farm
69:36 Farm
69:40 Scout Tower
69:48 Scout Tower
70:10 Guard Tower
70:21 Farm
70:22 Farm
70:57 Farm
70:58 Arcane Tower
71:07 Farm
71:08 Farm
71:18 Farm
71:23 Farm
71:34 Farm
71:42 Farm
72:20 Farm
72:22 Farm
72:52 Farm
73:11 Farm
» items
| Boots of Speed | 3 | |
| Staff of Teleportation | 3 | |
| Staff of Sanctuary | 3 | |
| Orb of Lightning | 3 | |
| Amulet of Spell Shield | 1 | |
| Medallion of Courage | 1 | |
| Staff of Silence | 1 | |
| Scroll of Regeneration | 1 | |
| Talisman of Evasion | 1 | |
| Healing Salve | 1 | |
18 total
TIMG4STROK (
blue | 111 APM | 9549 actions | 86:14)
7 Archmage
3 Blizzard
3 Brilliance Aura
1 Mass Teleport
6 Mountain King
3 Storm Bolt
2 Bash
1 Avatar
6 Paladin
3 Holy Light
3 Divine Shield
» actions
| Assign group hotkey | 31 | |
| Basic commands | 474 | |
| Build / train | 176 | |
| ESC pressed | 18 | |
| Enter build submenu | 131 | |
| Enter hero's abilities submenu | 19 | |
| Give item / drop item | 14 | |
| Right click | 3763 | |
| Select / deselect | 748 | |
| Select group hotkey | 3624 | |
| Use ability | 551 | |
9549 total
» units
| Peasant | 27 | |
| Dragonhawk Rider | 19 | |
| Goblin Zeppelin | 1 | |
| Priest | 2 | |
| Sorceress | 2 | |
51 total
» upgrades
| Masonry | 3 | |
| Magic Sentry | 1 | |
| Lumber Harvesting | 2 | |
| Cloud | 1 | |
| Armor | 3 | |
| Animal War Training | 1 | |
| Swords | 3 | |
| Sorceress Training | 2 | |
| Priest Training | 2 | |
18 total
» buildings
| Altar of Kings | 1 | |
| Farm | 16 | |
| Lumber Mill | 1 | |
| Scout Tower | 157 | |
| Arcane Tower | 7 | |
| Guard Tower | 52 | |
| Keep | 2 | |
| Arcane Vault | 1 | |
| Castle | 1 | |
| Arcane Sanctum | 1 | |
| Town Hall | 1 | |
| Gryphon Aviary | 2 | |
| Blacksmith | 1 | |
| Barracks | 1 | |
244 total
» build order
00:12 Altar of Kings
00:14 Farm
00:44 Farm
01:13 Lumber Mill
01:15 Scout Tower
01:41 Arcane Tower
01:43 Scout Tower
02:08 Scout Tower
02:23 Arcane Tower
02:35 Scout Tower
02:39 Guard Tower
03:06 Scout Tower
03:06 Guard Tower
03:23 Farm
03:44 Guard Tower
03:45 Scout Tower
03:50 Scout Tower
04:23 Keep
04:23 Keep
04:57 Arcane Vault
04:58 Guard Tower
05:15 Guard Tower
06:06 Scout Tower
06:06 Scout Tower
06:07 Scout Tower
06:08 Scout Tower
06:08 Scout Tower
06:09 Scout Tower
06:12 Scout Tower
06:12 Scout Tower
06:15 Scout Tower
06:21 Farm
06:59 Castle
07:22 Arcane Sanctum
07:41 Guard Tower
08:59 Guard Tower
09:00 Scout Tower
09:00 Scout Tower
09:01 Scout Tower
09:01 Scout Tower
10:39 Scout Tower
10:40 Scout Tower
10:40 Scout Tower
10:44 Guard Tower
10:54 Guard Tower
10:57 Scout Tower
10:58 Scout Tower
11:08 Guard Tower
11:11 Scout Tower
11:58 Guard Tower
12:01 Guard Tower
12:03 Scout Tower
12:04 Scout Tower
12:12 Scout Tower
12:12 Scout Tower
12:34 Arcane Tower
14:03 Scout Tower
14:08 Guard Tower
14:14 Scout Tower
14:23 Scout Tower
14:26 Town Hall
14:37 Guard Tower
14:39 Scout Tower
14:40 Scout Tower
14:42 Guard Tower
14:43 Scout Tower
14:57 Guard Tower
15:00 Scout Tower
15:17 Guard Tower
15:45 Guard Tower
15:47 Scout Tower
15:58 Guard Tower
16:00 Scout Tower
16:01 Scout Tower
16:01 Scout Tower
16:02 Scout Tower
16:17 Scout Tower
16:18 Scout Tower
16:41 Guard Tower
16:42 Scout Tower
16:47 Scout Tower
17:43 Guard Tower
17:45 Scout Tower
17:46 Scout Tower
17:46 Scout Tower
17:47 Scout Tower
17:51 Scout Tower
17:51 Scout Tower
17:56 Scout Tower
18:05 Guard Tower
18:21 Guard Tower
19:00 Guard Tower
19:02 Scout Tower
19:02 Scout Tower
19:03 Guard Tower
20:02 Guard Tower
20:04 Scout Tower
20:05 Scout Tower
20:06 Scout Tower
20:06 Scout Tower
20:07 Scout Tower
20:08 Scout Tower
20:08 Scout Tower
20:08 Scout Tower
20:09 Scout Tower
20:46 Scout Tower
20:46 Scout Tower
20:47 Scout Tower
20:48 Scout Tower
20:51 Scout Tower
20:51 Scout Tower
20:53 Scout Tower
20:53 Scout Tower
20:54 Scout Tower
20:55 Scout Tower
20:57 Scout Tower
20:58 Scout Tower
20:59 Scout Tower
20:59 Scout Tower
21:03 Scout Tower
21:04 Scout Tower
21:26 Guard Tower
21:31 Scout Tower
21:32 Scout Tower
21:34 Scout Tower
21:34 Scout Tower
21:37 Guard Tower
22:46 Guard Tower
22:51 Arcane Tower
22:55 Arcane Tower
22:58 Guard Tower
23:00 Scout Tower
23:00 Scout Tower
23:01 Scout Tower
23:02 Scout Tower
23:02 Scout Tower
23:03 Scout Tower
25:27 Guard Tower
25:46 Arcane Tower
25:50 Scout Tower
25:50 Scout Tower
25:51 Scout Tower
26:02 Scout Tower
26:02 Scout Tower
26:03 Scout Tower
26:03 Scout Tower
26:12 Scout Tower
26:12 Scout Tower
26:13 Scout Tower
27:01 Scout Tower
27:02 Scout Tower
27:32 Guard Tower
27:34 Scout Tower
27:34 Scout Tower
27:35 Scout Tower
27:35 Scout Tower
28:15 Guard Tower
28:31 Scout Tower
28:32 Scout Tower
28:33 Scout Tower
28:43 Scout Tower
28:44 Scout Tower
28:44 Scout Tower
28:44 Scout Tower
28:46 Scout Tower
28:46 Scout Tower
28:47 Scout Tower
28:48 Scout Tower
28:48 Scout Tower
28:49 Scout Tower
28:50 Scout Tower
28:52 Scout Tower
28:53 Scout Tower
28:54 Scout Tower
28:54 Scout Tower
28:55 Scout Tower
29:03 Scout Tower
29:38 Guard Tower
29:41 Scout Tower
29:42 Scout Tower
29:43 Scout Tower
29:43 Scout Tower
29:47 Guard Tower
30:00 Gryphon Aviary
30:01 Gryphon Aviary
30:03 Blacksmith
30:07 Guard Tower
30:10 Barracks
30:17 Scout Tower
30:19 Guard Tower
30:36 Guard Tower
30:47 Guard Tower
31:01 Guard Tower
31:03 Guard Tower
31:08 Scout Tower
31:08 Scout Tower
31:09 Scout Tower
31:10 Scout Tower
31:10 Scout Tower
31:10 Scout Tower
31:12 Scout Tower
31:12 Scout Tower
32:12 Scout Tower
32:12 Scout Tower
32:13 Scout Tower
32:14 Guard Tower
32:17 Scout Tower
32:17 Scout Tower
33:02 Guard Tower
33:07 Scout Tower
33:08 Scout Tower
33:09 Scout Tower
33:11 Guard Tower
33:20 Farm
33:20 Farm
33:49 Guard Tower
34:13 Guard Tower
34:38 Guard Tower
34:39 Scout Tower
34:40 Scout Tower
34:40 Scout Tower
34:41 Scout Tower
36:36 Guard Tower
36:38 Scout Tower
36:39 Scout Tower
37:20 Farm
37:21 Farm
37:21 Farm
37:22 Farm
37:22 Farm
37:23 Farm
38:30 Guard Tower
38:54 Scout Tower
38:55 Scout Tower
38:55 Scout Tower
39:52 Farm
40:14 Guard Tower
49:32 Farm
49:33 Farm
49:34 Farm
59:11 Scout Tower
60:15 Arcane Tower
» items
| Staff of Teleportation | 3 | |
| Boots of Speed | 2 | |
| Scroll of Regeneration | 1 | |
| Healing Salve | 1 | |
| Orb of Lightning | 3 | |
| Staff of Sanctuary | 6 | |
| Pendant of Energy | 2 | |
| Khadgar's Gem of Health | 1 | |
| Ancient Janggo of Endurance | 1 | |
| Pendant of Mana | 1 | |
| Warsong Battle Drums | 1 | |
| Helm of Valor | 1 | |
23 total
team 2 (loser)

»
hamsterzilla (
pink | 76 APM | 4645 actions | 61:00)
5 Archmage
3 Summon Water Elemental
2 Brilliance Aura
3 Paladin
1 Holy Light
2 Devotion Aura
» actions
| Assign group hotkey | 57 | |
| Basic commands | 38 | |
| Build / train | 129 | |
| Enter build submenu | 31 | |
| Enter hero's abilities submenu | 8 | |
| Give item / drop item | 2 | |
| Remove unit from queue | 3 | |
| Right click | 2788 | |
| Select / deselect | 748 | |
| Select group hotkey | 677 | |
| Use ability | 163 | |
4645 total
» units
| Peasant | 21 | |
| Footman | 9 | |
| Siege Engine | 10 | |
| Goblin Zeppelin | 3 | |
| Dragonhawk Rider | 28 | |
| Mortar Team | 5 | |
| Gryphon Rider | 4 | |
80 total
» upgrades
| Masonry | 2 | |
| Gunpowder | 3 | |
| Plating | 1 | |
| Lumber Harvesting | 1 | |
| Cloud | 1 | |
| Fragmentation Shards | 1 | |
| Storm Hammers | 1 | |
| Swords | 1 | |
| Armor | 1 | |
12 total
» buildings
| Altar of Kings | 1 | |
| Farm | 13 | |
| Barracks | 1 | |
| Town Hall | 4 | |
| Arcane Vault | 2 | |
| Scout Tower | 10 | |
| Keep | 1 | |
| Lumber Mill | 2 | |
| Arcane Tower | 4 | |
| Blacksmith | 1 | |
| Castle | 1 | |
| Workshop | 4 | |
| Gryphon Aviary | 4 | |
| Guard Tower | 6 | |
54 total
» build order
00:08 Altar of Kings
00:11 Farm
00:27 Barracks
00:56 Farm
03:15 Town Hall
03:21 Farm
03:32 Arcane Vault
05:03 Scout Tower
05:48 Scout Tower
05:57 Scout Tower
06:01 Scout Tower
06:13 Keep
06:22 Lumber Mill
06:25 Arcane Tower
06:39 Arcane Tower
07:14 Arcane Tower
07:48 Blacksmith
08:48 Castle
09:16 Town Hall
10:56 Workshop
10:57 Workshop
11:20 Gryphon Aviary
11:21 Gryphon Aviary
11:32 Scout Tower
11:34 Scout Tower
11:34 Scout Tower
12:03 Guard Tower
12:04 Guard Tower
12:23 Farm
12:25 Farm
12:26 Farm
12:27 Farm
12:27 Farm
12:28 Farm
12:39 Guard Tower
16:47 Workshop
16:48 Workshop
18:18 Arcane Vault
19:04 Scout Tower
19:05 Scout Tower
19:38 Guard Tower
20:03 Guard Tower
22:48 Farm
22:49 Farm
22:50 Farm
22:51 Farm
27:52 Town Hall
33:04 Town Hall
37:11 Lumber Mill
39:27 Gryphon Aviary
39:55 Gryphon Aviary
51:35 Scout Tower
52:10 Guard Tower
» items
| Scroll of Regeneration | 3 | |
| Lesser Clarity Potion | 2 | |
| Boots of Speed | 1 | |
| Potion of Healing | 2 | |
| Potion of Mana | 1 | |
| Scroll of Town Portal | 3 | |
12 total
kinderCHOCOLAT (
yellow | 53 APM | 3242 actions | 60:56)
7 Priestess of the Moon
2 Searing Arrows
3 Trueshot Aura
1 Starfall
1 Scout
» actions
| Basic commands | 172 | |
| Build / train | 118 | |
| Enter build submenu | 37 | |
| Enter hero's abilities submenu | 7 | |
| Give item / drop item | 6 | |
| Remove unit from queue | 2 | |
| Right click | 1808 | |
| Select / deselect | 831 | |
| Use ability | 261 | |
3242 total
» units
| Wisp | 34 | |
| Huntress | 3 | |
| Mountain Giant | 8 | |
| Goblin Shredder | 1 | |
| Dryad | 4 | |
| Druid of the Claw | 4 | |
| Chimaera | 3 | |
57 total
» upgrades
| Hardened Skin | 1 | |
| Resistant Skin | 1 | |
| Ultravision | 1 | |
| Nature's Blessing | 1 | |
| Reinforced Hides | 3 | |
| Strength of the Wild | 3 | |
| Well Spring | 1 | |
| Druid of the Claw Training | 2 | |
| Mark of the Claw | 1 | |
| Corrosive Breath | 1 | |
15 total
» buildings
| Altar of Elders | 1 | |
| Moon Well | 6 | |
| Hunter's Hall | 1 | |
| Ancient of War | 1 | |
| Tree of Ages | 5 | |
| Ancient of Wonders | 3 | |
| Tree of Eternity | 6 | |
| Ancient of Lore | 2 | |
| Ancient Protector | 16 | |
| Tree of Life | 2 | |
| Ancient of Wind | 1 | |
| Chimaera Roost | 3 | |
47 total
» build order
00:10 Altar of Elders
00:23 Moon Well
01:41 Hunter's Hall
01:47 Ancient of War
02:00 Moon Well
03:00 Tree of Ages
03:00 Tree of Ages
03:01 Tree of Ages
04:46 Moon Well
04:51 Ancient of Wonders
05:23 Tree of Eternity
05:23 Tree of Eternity
05:23 Tree of Eternity
05:51 Ancient of Lore
06:05 Ancient of Lore
06:09 Ancient Protector
06:11 Ancient Protector
06:14 Ancient Protector
07:52 Ancient Protector
08:24 Moon Well
08:29 Moon Well
09:51 Moon Well
13:00 Tree of Life
16:27 Ancient Protector
16:33 Ancient Protector
16:33 Ancient Protector
17:14 Ancient Protector
17:16 Ancient Protector
19:07 Tree of Life
19:17 Ancient Protector
19:19 Ancient Protector
19:21 Ancient Protector
19:24 Ancient Protector
19:26 Ancient Protector
19:42 Ancient Protector
20:58 Ancient Protector
24:15 Tree of Ages
27:34 Tree of Eternity
27:34 Tree of Eternity
28:35 Ancient of Wonders
28:43 Ancient of Wonders
38:47 Ancient of Wind
39:58 Chimaera Roost
40:00 Chimaera Roost
40:02 Chimaera Roost
» items
| Lesser Clarity Potion | 3 | |
| Dust of Appearance | 1 | |
| Scroll of Town Portal | 5 | |
| Potion of Healing | 3 | |
| Anti-magic Potion | 4 | |
| Orb of Venom | 1 | |
| Staff of Preservation | 1 | |
| Staff of Sanctuary | 1 | |
| Scroll of Regeneration | 1 | |
| Potion of Lesser Invulnerability | 2 | |
22 total

»
MarineManiacOP (
purple | 55 APM | 4732 actions | 86:14)
7 Death Knight
3 Death Coil
3 Unholy Aura
1 Animate Dead
5 Lich
3 Frost Nova
2 Frost Armor
5 Dark Ranger
3 Silence
1 Black Arrow
1 Life Drain
» actions
| Assign group hotkey | 32 | |
| Basic commands | 11 | |
| Build / train | 161 | |
| Enter build submenu | 50 | |
| Enter hero's abilities submenu | 17 | |
| Give item / drop item | 13 | |
| Remove unit from queue | 10 | |
| Right click | 2071 | |
| Select / deselect | 1077 | |
| Select group hotkey | 848 | |
| Use ability | 442 | |
4732 total
» units
| Acolyte | 30 | |
| Ghoul | 7 | |
| Crypt Fiend | 11 | |
| Obsidian Statue | 2 | |
| Frost Wyrm | 9 | |
| Meatwagon | 1 | |
| Abomination | 1 | |
61 total
» upgrades
| Creature Attack | 3 | |
| Burrow | 1 | |
| Web | 1 | |
| Creature Carapace | 2 | |
| Freezing Breath | 1 | |
| Destroyer Form | 1 | |
9 total
» buildings
| Graveyard | 1 | |
| Crypt | 2 | |
| Ziggurat | 17 | |
| Altar of Darkness | 1 | |
| Tomb of Relics | 3 | |
| Nerubian Tower | 4 | |
| Necropolis | 6 | |
| Halls of the Dead | 2 | |
| Spirit Tower | 5 | |
| Black Citadel | 1 | |
| Sacrificial Pit | 1 | |
| Slaughterhouse | 2 | |
| Boneyard | 8 | |
| Ancient of Wind | 1 | |
| Tree of Life | 3 | |
57 total
» build order
00:16 Graveyard
00:22 Crypt
00:44 Ziggurat
00:48 Altar of Darkness
01:05 Tomb of Relics
02:15 Ziggurat
04:21 Nerubian Tower
05:36 Necropolis
05:49 Ziggurat
06:31 Ziggurat
06:48 Nerubian Tower
07:17 Necropolis
07:44 Necropolis
07:51 Halls of the Dead
08:01 Spirit Tower
08:31 Crypt
09:25 Ziggurat
09:28 Ziggurat
10:31 Black Citadel
11:37 Sacrificial Pit
11:49 Slaughterhouse
14:10 Boneyard
14:11 Boneyard
14:12 Boneyard
15:18 Ziggurat
15:27 Nerubian Tower
15:27 Spirit Tower
18:48 Ziggurat
18:48 Spirit Tower
18:50 Ziggurat
18:51 Ziggurat
18:53 Ziggurat
18:56 Ziggurat
19:57 Spirit Tower
22:58 Ziggurat
22:58 Ziggurat
22:59 Ziggurat
23:13 Ziggurat
23:14 Ziggurat
24:37 Nerubian Tower
24:38 Spirit Tower
24:39 Necropolis
28:34 Tomb of Relics
34:18 Slaughterhouse
34:20 Boneyard
34:22 Boneyard
34:23 Boneyard
34:25 Boneyard
34:26 Boneyard
73:19 Necropolis
78:27 Ancient of Wind
78:36 Tree of Life
79:21 Tree of Life
80:15 Tree of Life
80:59 Necropolis
81:56 Tomb of Relics
» items
| Rod of Necromancy | 4 | |
| Dust of Appearance | 2 | |
| Sacrificial Skull | 1 | |
| Scroll of Healing | 2 | |
| Potion of Healing | 11 | |
| Potion of Mana | 8 | |
| Scroll of Town Portal | 10 | |
| Orb of Corruption | 2 | |
| Lesser Clarity Potion | 2 | |
| Staff of Preservation | 1 | |
| Anti-magic Potion | 5 | |
| Potion of Lesser Invulnerability | 1 | |
49 total
Chat log
(00:07 / All) MyLiegeCyrus: hi
(00:08 / All) MyLiegeCyrus: good luck
(00:12 / All) MarineManiacOP: hi hf
(01:13 / All) MarineManiacOP: hf
(17:47 / All) MyLiegeCyrus: you boys noobs?
(17:54 / All) MarineManiacOP: xDDDDDDD
(17:58 / All) MarineManiacOP: are you serious ? :D
(18:01 / All) MyLiegeCyrus: you seem really bad
(18:03 / All) MyLiegeCyrus: at this game
(18:09 / All) MarineManiacOP: well
(18:19 / All) MarineManiacOP: come 1vs1 on garena one day :)
(18:22 / All) MyLiegeCyrus: 1v1?
(18:23 / All) MyLiegeCyrus: right now?
(18:24 / All) MyLiegeCyrus: Let's go
(18:31 / All) MarineManiacOP: atm i don't got garena
(18:47 / All) MyLiegeCyrus: sweet dodge noob
(19:45 / All) MyLiegeCyrus: your wyrms
(19:52 / All) MarineManiacOP: you re so goodd ;DDD
(19:59 / All) MyLiegeCyrus: you're really bad
(20:00 / All) MyLiegeCyrus: Ggg
(20:04 / All) MarineManiacOP: xDDDDD
(24:25 / All) MarineManiacOP: UNSKILLED
(24:58 / All) MarineManiacOP: leave
(24:59 / All) MarineManiacOP: plz
(25:03 / All) MyLiegeCyrus: we already won
(25:05 / All) MyLiegeCyrus: see ya
(35:25 / All) baby_in_pram: i dont think it's going to work
(37:02 / All) MyLiegeCyrus: damn
(37:03 / All) MyLiegeCyrus: you suck
(37:17 / All) MarineManiacOP: don't say you suck to a girl bitch
(37:36 / All) baby_in_pram: there are no words
(37:43 / All) baby_in_pram: except for "suck" i guess
(41:22 / All) MyLiegeCyrus: idiot
(43:58 / All) MyLiegeCyrus: noobs...
(44:01 / All) baby_in_pram: ahhh, free units
(52:02 / All) MarineManiacOP: :D
(52:05 / All) MyLiegeCyrus: fu
(52:08 / All) MyLiegeCyrus: lucker
(52:10 / All) MyLiegeCyrus: map has no gold
(52:12 / All) MarineManiacOP: 1 hour to understand u suxx ?
(52:16 / All) baby_in_pram: omfg
(52:18 / All) baby_in_pram: dont say suxx to a girl
(52:22 / All) TIMG4STROK: fuck u
(52:26 / All) MarineManiacOP: you aren't a girl
(52:30 / All) MarineManiacOP: é^m^mé^mé^mé^mé^mé^mé
(52:42 / All) baby_in_pram: u think u kno me ?
(52:47 / All) MarineManiacOP: y
(52:54 / All) MarineManiacOP: 13 years old kid :)
(53:55 / All) TIMG4STROK: fuck u ass wholes
(54:01 / All) kinderCHOCOLAT: fu
(54:08 / All) baby_in_pram: Learn to play Warcraft 3 : The Frozen Thorne
(54:14 / All) MarineManiacOP: lool
(54:16 / All) TIMG4STROK: fuck u = no thx
(54:22 / All) TIMG4STROK: gold hacker
(54:26 / All) MarineManiacOP: :DDD
(54:27 / All) baby_in_pram: i wouldnt want 2 fuck u anyway u fat small titty bitch
(54:28 / All) TIMG4STROK: Impossible to beliefe
(54:31 / All) MarineManiacOP: u just unskilled
(54:35 / All) TIMG4STROK: u got small breast
(54:39 / All) TIMG4STROK: how u feel
(56:13 / All) TIMG4STROK: fuckers
(56:24 / All) MarineManiacOP: unskilled dude
(57:57 / All) MarineManiacOP: funny ?
(58:01 / All) MyLiegeCyrus: fu
(58:05 / All) baby_in_pram: gg... i guess we lost
(60:11 / All) TIMG4STROK: what happene
(60:17 / All) baby_in_pram: where ur unit go
(60:26 / All) MyLiegeCyrus: finish it already??
(60:59 / All) MyLiegeCyrus: gg
(61:00 / All) baby_in_pram: lol???
(61:01 / All) TIMG4STROK: what happene
(61:03 / All) baby_in_pram: gg small titty bitch
(61:07 / All) MyLiegeCyrus: http://www.highper.ch
(61:10 / All) TIMG4STROK: what
(61:12 / All) TIMG4STROK: happene ?
(61:13 / All) MyLiegeCyrus: you really thought you were winning..
(61:22 / All) TIMG4STROK: hello, what happene
(61:23 / All) baby_in_pram: visit our website for this replay of you being owned and more replays of noob like u being owned as well. also
(61:25 / All) MarineManiacOP: hf
(61:35 / All) MarineManiacOP: well
(61:38 / All) TIMG4STROK: well
(61:39 / All) MarineManiacOP: 10 month ago
(61:41 / All) TIMG4STROK: well well well
(61:44 / All) baby_in_pram: u had an abortion? :((
(61:45 / All) TIMG4STROK: what happene here
(61:48 / All) MarineManiacOP: i would said u go 1vs1 at zotac cup
(61:52 / All) MarineManiacOP: but im retired :D
(61:53 / All) MyLiegeCyrus: go 1v1 right now?
(61:55 / All) MyLiegeCyrus: from wh at?
(61:59 / All) MyLiegeCyrus: being shit at war3?
(61:59 / All) TIMG4STROK: id retired too if i was this bad
(62:02 / All) TIMG4STROK: i mean shit
(62:03 / All) MarineManiacOP: i don't care about you
(62:05 / All) baby_in_pram: you old 65 year old bitch with small titties u retire? grey pubic hair??? EWW
(62:07 / All) MyLiegeCyrus: because it's almost like you never left
(62:10 / All) TIMG4STROK: ew
(62:12 / All) TIMG4STROK: that GORSS
(62:25 / All) MyLiegeCyrus: remember when you thought you were winning this game
(62:26 / All) TIMG4STROK: howd you get to be this bad at this game
(62:31 / All) MyLiegeCyrus: and really we were just playing you the entire time
(62:35 / All) baby_in_pram: get some hairdye or something u f*cking GrandMother matriarchal bitch
(62:35 / All) MyLiegeCyrus: because you're too dumb for this game
(62:41 / All) MarineManiacOP: :DDDD
(62:44 / All) MarineManiacOP: dat joke
(62:54 / All) baby_in_pram: the only 1v1 u ever won is between u're lips and my smooth Shiney cock
(62:55 / All) MarineManiacOP: u don't know who i am bitch
(63:05 / All) MyLiegeCyrus: we know all about you
(63:07 / All) baby_in_pram: yea? who r u
(63:10 / All) TIMG4STROK: A Bad Warcraft III Player
(63:12 / All) MyLiegeCyrus: we play people like you all the time
(63:16 / All) baby_in_pram: just some noob we beat in warcrat Trois
(63:17 / All) MyLiegeCyrus: http://www.highper.ch to check it out
(63:21 / All) MyLiegeCyrus: soon you'll be there...
(63:27 / All) MyLiegeCyrus: the idiot who thought he was winning
(63:36 / All) TIMG4STROK: http://www.highper.ch for 1 million replays of us owning retard europeans just like you
(63:40 / All) baby_in_pram: that replay will haunt U're solo career for the rest of your days... until you're an old woman.. OH WATIT
(63:41 / All) TIMG4STROK: '
(64:17 / All) baby_in_pram: gotta drop to save face?
(64:20 / All) TIMG4STROK: was nice owning you
(64:29 / All) baby_in_pram: pull the plug out of ur fucking Hospital Machine so u die in real life you old granny bitch
(64:38 / All) TIMG4STROK: remember the 10+ times i owned you with Coordinated Bolt And Light Combination Attack
(65:02 / All) baby_in_pram: remember at the start of the game when i literally killed all your workers and you didn't notice ahhaha
(65:08 / All) TIMG4STROK: Ha HA
(65:11 / All) baby_in_pram: and you claim to be good at 1v1 that's hilarious & embarrassing haha
(66:06 / All) baby_in_pram: so... the ol' pretending to be afk trick
(66:14 / All) baby_in_pram: i know you're here. reading every last syllable... crying to urself
(66:30 / All) TIMG4STROK: i cant believe i lose... i was win for so long... but now i am lose.... how it come to this... how happene
(66:54 / All) baby_in_pram: i can't imagine the look on ur old wrinkly smug woman face when us ee all these dhawks shoving their Ds into u
(67:22 / All) baby_in_pram: "ahhhh it over with 4 me... i must tell them of my exploits on the zotac cup tournament series!!"
(68:02 / All) MyLiegeCyrus: the times I watched them and pretended to be a good player, for so long that in my mind I feel superior to these tower noobs
(68:14 / All) MyLiegeCyrus: even though they would crush me six times til saturday and supper on wednesday
(68:16 / All) baby_in_pram: until the towerers defeated me.. fair & square
(68:44 / All) baby_in_pram: u have nothing left
(68:48 / All) TIMG4STROK: how embarrass for u
(68:56 / All) MyLiegeCyrus: except for shame
(68:58 / All) MyLiegeCyrus: man's best friend
(69:01 / All) TIMG4STROK: here's a lesson: never play video games if you're a girl
(69:03 / All) MyLiegeCyrus: always by your side
(69:10 / All) MyLiegeCyrus: or if you like to pretend to be one
(69:13 / All) baby_in_pram: especially not if u have arthritis and can't even click straight DAYUM
(69:15 / All) TIMG4STROK: just like everything else in this world, Men Are Better
(69:38 / All) TIMG4STROK: sweet ownage, sweaty ownage
(70:04 / All) baby_in_pram: sweaty?? i had no need to break a sweat while owning this scrub
(70:11 / All) baby_in_pram: it was simple, easy, relaxable
(70:13 / All) TIMG4STROK: is medical condition .___.
(70:33 / All) baby_in_pram: LOL
(70:37 / All) baby_in_pram: did u just micro tower to attack my hero
(70:40 / All) TIMG4STROK: it's called ownageitis. is when U own too much ur body release sweat to rapidly cool your overacting BRAIN
(70:43 / All) baby_in_pram: imagine if u put that much attention into micro when it MATTERED
(71:42 / All) baby_in_pram: ahhhh. this reminds me of that 1 time where i owned noobs like you a million times exactly like this
(72:06 / All) baby_in_pram: go ahead unsummon everything
(72:07 / All) TIMG4STROK: cya adios
(74:22 / All) baby_in_pram: what is the purpose of the necropolis
(74:29 / All) baby_in_pram: i just want to understand you're retardid brane
(74:34 / All) TIMG4STROK: eheh
(74:47 / All) MarineManiacOP: you know you are just losing 3 hours of your time for a dead game ?
(74:53 / All) MyLiegeCyrus: "losing"
(74:55 / All) MyLiegeCyrus: interesting word
(74:58 / All) MyLiegeCyrus: I know someone who lost
(75:04 / All) baby_in_pram: theo nly thing that's dead in this game is u, u old decrepit corpse of a zombie halloween ghost banshee woman
(75:51 / All) baby_in_pram: the only difference in the amount of time spent in this game is that we are Winning It
(76:07 / All) baby_in_pram: #Winning #CharlieShane #Blademeister
(78:37 / All) baby_in_pram: this whole game was laguhugably easy.. i luagh at u .
(78:56 / All) baby_in_pram: why are u still playing
(79:01 / All) baby_in_pram: just quit idiot
(79:39 / All) baby_in_pram: damn. the only thing worse than u're play is probably ur breath. YUCK
(79:42 / All) TIMG4STROK: SEEYA
(80:18 / All) baby_in_pram: i can only imagine the emotions u r feeling right now from this Monster Ownage
(80:34 / All) MarineManiacOP: im an another game lol :D
(80:43 / All) baby_in_pram: u losing that one too?
(80:50 / All) MarineManiacOP: :DDDDD u suxx bro
(80:58 / All) baby_in_pram: NEVER fcking say suxx to a Girle... EVER
(80:58 / All) MyLiegeCyrus: thx for the free win
(81:07 / All) MyLiegeCyrus: didnt even need units and still had a wonderful time destroying you
(81:12 / All) MyLiegeCyrus: and now you're trying to save face
(81:17 / All) MyLiegeCyrus: sweet nectar of noobyuice
(81:43 / All) baby_in_pram: if ive seen it 1nce.. i've seen it a Thousand Times
(82:07 / All) baby_in_pram: seriously tho visit highper.ch buy some merchandise we have a lovely women's fitted tee with a pic of Bear_and's face on it
(82:24 / All) MyLiegeCyrus: fitted to bear_ands face, not the body of the wearer
(82:28 / All) MyLiegeCyrus: tyler knows what's important
(82:31 / All) baby_in_pram: if that dont get ur juices flowing i dont know what will.. he has been described as an "above average" looking man
(82:35 / All) baby_in_pram: (for a warcraft 3 player)
(82:54 / All) baby_in_pram: i think my associate Fiskmund has just put up some new mugs as well
(83:06 / All) baby_in_pram: "My other base is a perch!"
(83:22 / All) MyLiegeCyrus: World's best bolter
(83:42 / All) baby_in_pram: gg noob highper.ch
(85:23 / All) baby_in_pram: wow you couldn't even hidee buildings for more than like 30s
(85:31 / All) MyLiegeCyrus: Maybe you should have used some of this gold for units
(85:32 / All) baby_in_pram: indicative of your overall levle of play to behonest.. :: POOR
(85:38 / All) MyLiegeCyrus: oh wait you did you had all the gold and it wasn't enough
(85:45 / All) baby_in_pram: how about use some gold to buy some Warcraft 3 lessons
(85:59 / All) baby_in_pram: I can teach u how to get owned.. actually i think i just did
(86:12 / All) baby_in_pram: highper.ch